 Dungeon Crawl Stone Soup version 0.30.0-20-g3615ddf2f0 (webtiles) character file.

Game seed: 12718787495014987798

23 qw the Shield-Bearer (level 3, -1/23 HPs)
             Began as a Gargoyle Fighter on June 2, 2023.
             Slain by a gnoll
             ... wielding a +0 spear
              (2 damage)
             ... on level 2 of the Dungeon.
             The game lasted 00:00:19 (649 turns).

qw the Shield-Bearer (Gargoyle Fighter)              Turns: 649, Time: 00:00:20

Health: -1/23      AC: 13    Str: 21    XL:     3   Next: 0%
Magic:  3/3        EV:  7    Int:  8    God:
Gold:   75         SH:  4    Dex:  9    Spells: 2/2 levels left

rFire   . . .        Y - +0 war axe
rCold   . . .        c - +0 buckler
rNeg    + . .        k - +0 chain mail
rPois   inf          (no helmet)
rElec   +            (no cloak)
rCorr   .            g - +0 pair of gloves
SInv    .            (no boots)
Will    .....        (no amulet) Stlth
                     (no ring)
HPRegen 0.23/turn    (no ring)
MPRegen 0.08/turn

%: no passive effects
@: no status effects
A: sickness immunity, AC +3, negative energy resistance 1, electricity
resistance, torment resistance 1, petrification resistance
a: no special abilities


You were on level 2 of the Dungeon.
You visited 1 branch of the dungeon, and saw 2 of its levels.

You collected 75 gold pieces.


Innate Abilities, Weirdness & Mutations

You are immune to sickness and miasma.
Your stone body is resilient. (AC +3)
You are immune to poison.
You resist negative energy. (rN+)
You are resistant to electric shocks. (rElec)
You are resistant to unholy torment.
You are immune to petrification.


   Skills:
 - Level 3.2 Fighting
 + Level 3.0 Axes
 - Level 3.2 Armour
 - Level 3.2 Shields


You had 2 spell levels left.
You didn't know any spells.
Your spell library was empty.

Inventory:

Hand Weapons
 b - a +0 whip
 Y - a +0 war axe (weapon)
Armour
 c - a +0 buckler (worn)
 g - a +0 pair of gloves (worn)
 k - a +0 chain mail (worn)
Potions
 d - a potion of might
 f - a potion of haste {unknown}
 i - a potion of attraction {unknown}

Dungeon Overview and Level Annotations

Branches:
Dungeon (2/15)

Altars:


Message History

The hobgoblin shouts!
You see here 5 gold pieces.
Enter note:
Enter note: 2 gnolls come into view.
The gnoll shouts! x2; You hear a shout! x2
A gnoll comes into view. It is wielding a +0 club.
Enter note:
Enter note:
Found a scroll of identify.
The gnoll hits you with a +0 spear. The hobgoblin closely misses you.
Enter note: You barely miss the gnoll.
You barely miss the hobgoblin. The hobgoblin barely misses you.
The gnoll hits you but does no damage.
The gnoll hits you from afar with a +0 spear.
You hit the gnoll.
The gnoll is heavily wounded.
You barely miss the hobgoblin. The gnoll hits you with a +0 spear.
The gnoll hits you but does no damage. The hobgoblin hits you.
The hobgoblin hits you but does no damage.
The gnoll closely misses you.
You hit the gnoll.
The gnoll is moderately wounded.
You hit the hobgoblin. The gnoll barely misses you.
The gnoll hits you from afar with a +0 spear.
The hobgoblin hits you but does no damage.
You barely miss the hobgoblin.
The hobgoblin is almost dead.
You hit the gnoll. You hit the gnoll but do no damage.
The gnoll hits you but does no damage. The gnoll barely misses you.
The gnoll hits you but does no damage. The gnoll barely misses you.
The hobgoblin hits you but does no damage.
A kobold comes into view. It is wielding a +0 short sword.
The gnoll hits you with a +0 flail. The hobgoblin hits you.
The gnoll hits you but does no damage.
The gnoll hits you from afar with a +0 spear!
The gnoll hits you from afar with a +0 spear.
You die...

.(##....).# ..........#
....... ...#......#
.....K. ##.#..)...#
....... ...#......#
....... ...#......#
.......
...#......#######.g.....
...#.#..........ggg.....
...#.#..........@g.....?
...#....................
...####..........#####.#
...#.........$...#
##.#.##.......^..#
#.#.###.#...........
#.#.#.............##
##.#.#...#.#######...
...#.#.###.# .###


You could see 4 gnolls, a hobgoblin and a kobold.

Vanquished Creatures
  An adder (D:2)
  2 endoplasms
  A goblin (D:1)
  2 hobgoblins (D:1)
  4 kobolds
  A ball python (D:1)
  2 rats (D:1)
13 creatures vanquished.

Notes
Turn   | Place    | Note
-------+----------+-------------------------------------------
     0 | D:1      | qw the Gargoyle Fighter began the quest for the Orb.
     0 | D:1      | Reached XP level 1. HP: 14/14 MP: 1/1
     0 | D:1      | 0 ||| qw: Version: 0.2-a-102-gdf20003
     0 | D:1      | 0 ||| qw: Game counter: 784
     0 | D:1      | 0 ||| qw: Always use a shield: true
     0 | D:1      | 0 ||| qw: God list: Okawaru
     0 | D:1      | 0 ||| qw: Allow faded altars: false
     0 | D:1      | 0 ||| qw: Do Orc after D:15 true
     0 | D:1      | 0 ||| qw: Do second Lair branch before Depths: true
     0 | D:1      | 0 ||| qw: Lair rune preference: random
     0 | D:1      | 0 ||| qw: Plans: Normal, Zot:1-4, Slime:5, God:TSO, Crypt,
                  | Tomb, Pan, Hells, Abyss, Win
     0 | D:1      | 0 ||| PLANNING D:1-11
    60 | D:1      | Reached XP level 2. HP: 19/19 MP: 2/2
   292 | D:1      | 292 ||| Stepping ~*~*~tactically~*~*~ (hiding).
   463 | D:1      | 463 ||| UPGRADING to +0 pair of gloves.
   468 | D:1      | 468 ||| UPGRADING to +0 chain mail.
   478 | D:1      | 478 ||| DROPPING +0 scale mail.
   479 | D:1      | 479 ||| READING scroll labelled PEGIDU ICELLOH.
   480 | D:1      | 480 ||| READING scroll labelled SYIPNI FEGEVO.
   481 | D:1      | 481 ||| READING scroll labelled IROAGAFASK.
   482 | D:1      | 482 ||| READING scroll labelled ZECSO YDWOROMI.
   533 | D:2      | 533 ||| Stepping ~*~*~tactically~*~*~ (hiding).
   536 | D:2      | 536 ||| Stepping ~*~*~tactically~*~*~ (hiding).
   547 | D:2      | Reached skill level 3 in Axes
   553 | D:2      | Reached XP level 3. HP: 18/23 MP: 3/3
   581 | D:2      | 581 ||| DROPPING +0 club.
   649 | D:2      | HP: 1/23 [gnoll/+0 spear (7)]
   649 | D:2      | Slain by a gnoll

Levels and vault maps discovered:
D:1:      roderic_crop_circles_arrival_small, layout_basic
D:2:      layout_basic, serial_shops, shop, shop, nicolae_shop_real_fake_doors,
          nicolae_shop_dealshenge, shop, minmay_misc_feat_hallway, uniq_natasha

Skill      XL: |  1  2 |
---------------+-------+-----
Axes           | 2 3 |  3.0
Fighting       | |  3.2
Armour         | |  3.2
Shields        | |  3.2

Action                     || total
---------------------------++-------
  Melee: War axe           ||    44
    Use: Scroll            ||     4
 Armour: Scale mail        ||    11
         Chain mail        ||    20
  Dodge: Dodged            ||    24
  Block: Buckler           ||     8

Table legend:
 A = Non-vault XP
 B = Vault XP
 C = Vault XP percentage of total XP
 D = Non-vault monster count
 E = Vault monster count
 F = Vault count percentage of total count
                 A         B        C        D         E       F
            +---------+---------+-------+---------+---------+-------
      Total |      34 |       0 |   0.0 |      13 |       0 |   0.0
            +---------+---------+-------+---------+---------+-------
        D:1 |      16 |       0 |   0.0 |      10 |       0 |   0.0
        D:2 |      18 |       0 |   0.0 |       3 |       0 |   0.0
            +---------+---------+-------+---------+---------+-------
